 Dungeon Crawl Stone Soup version 0.24.0-41-g2ae2f7f1be (webtiles) character file.

Game seed: 9081614847856159489, levelgen mode: deterministic

123 Destapler the Ducker (level 4, -1/21 HPs)
             Began as a Spriggan Earth Elementalist on Dec 14, 2019.
             Was a Follower of Elyvilon.
             Killed by divine providence
             ... invoked by an orc priest
              (11 damage)
             ... on level 3 of the Dungeon.
             The game lasted 00:22:41 (2937 turns).

Destapler the Ducker (Spriggan Earth Elementalist)  Turns: 2937, Time: 00:22:42

Health: -1/21      AC:  2    Str:  4    XL:     4   Next: 80%
Magic:  4/10       EV: 19    Int: 17    God:    Elyvilon [*.....]
Gold:   78         SH:  0    Dex: 16    Spells: 6/10 levels left

rFire    . . .     SeeInvis +   a - +0 dagger
rCold    . . .     Gourm    .   (shield restricted)
rNeg     . . .     Faith    .   c - +0 robe
rPois    .         Spirit   .   (helmet restricted)
rElec    .         Reflect  .   (no cloak)
rCorr    .         Harm     .   (gloves unavailable)
MR       .....                  (boots unavailable)
Stlth    +++.......             (no amulet)
HPRegen  0.07/turn              (no ring)
MPRegen  0.12/turn              (no ring)

@: very quick
A: very small, unfitting armour, see invisible, herbivore, speed 3, slow
metabolism 2
a: Lesser Healing, Divine Protection, Renounce Religion


You were on level 3 of the Dungeon.
You worshipped Elyvilon.
Elyvilon was aware of your devotion.
You were not hungry.

You visited 1 branch of the dungeon, and saw 3 of its levels.

You collected 78 gold pieces.

Inventory:

Hand Weapons
 a - a +0 dagger (weapon)
Missiles
 b - 69 stones (quivered)
 g - 40 poisoned darts
 h - 2 boomerangs
Armour
 c - a +0 robe (worn)
Jewellery
 m - a +5 ring of dexterity {unknown}
 o - an uncursed ring of see invisible {unknown}
 t - an uncursed ring of protection from cold {unknown}
Wands
 s - a wand of flame (12)
Scrolls
 e - 3 scrolls of fear {unknown}
 f - 5 scrolls of identify {unknown}
 i - 3 scrolls of teleportation {unknown}
 k - a scroll of fog {unknown}
 p - a scroll of enchant weapon {unknown}
Potions
 j - a potion of brilliance {unknown}
 l - 2 potions of ambrosia {unknown}
 n - 2 potions of mutation {unknown}
 q - a potion of might {unknown}
 r - a potion of heal wounds {unknown}
Comestibles
 d - 8 rations


   Skills:
 - Level 4.2 Dodging
 - Level 4.1 Stealth
 - Level 3.5 Spellcasting
 + Level 1.4 Conjurations
 - Level 1.4 Translocations
   Level 1.3 Transmutations
 - Level 3.1 Earth Magic


You had 6 spell levels left.
You knew the following spells:

 Your Spells              Type           Power        Failure   Level  Hunger
a - Magic Dart            Conj           #...         10%         1    None
b - Blink                 Tloc           N/A          14%         2    ##.....
c - Sandblast             Erth           ##....       4%          1    None

Your spell library contained the following spells:

 Spells                   Type           Power        Failure   Level  Hunger
 Passwall                 Tmut/Erth      ##......     10%         2    ##.....
 Stone Arrow              Conj/Erth      ##....       19%         3    ###....
 Call Imp                 Summ           #.......     26%         2    ##.....
 Slow                     Hex            #.......     26%         2    ##.....
 Conjure Flame            Conj/Fire      #.......     36%         3    ###....
 Mephitic Cloud           Conj/Pois/Air  #.......     38%         3    ###....
 Petrify                  Tmut/Erth      ##......     54%         4    ####...
 Lee's Rapid Deconstruct  Erth           ##........   77%         5    ######.


Dungeon Overview and Level Annotations

Branches:
Dungeon (3/15)

Altars:
Elyvilon
Qazlal


Innate Abilities, Weirdness & Mutations

You are very small and have problems with some larger weapons.
You are too small for most types of armour.
You have supernaturally acute eyesight. (SInv)
You are a herbivore.
You cover ground extremely quickly.
You need to consume almost no food.


Message History

The kobold is moderately wounded.
The kobold barely misses you.
The orc priest mumbles some strange prayers to Beogh against you.
Beogh smites you!
Ouch! That really hurt!
Casting: Magic Dart (safe; 10% risk of failure)
Confirm with . or Enter, or press ? or * to list all spells.
You blink.
There is an open door here.
You close the door.
As you open the door, it creaks loudly!
There is an open door here.
There isn't anything here!
You close the door.
You start resting.
The kobold is too close now for your liking.
The orc priest invokes the aid of Beogh against you.
Beogh smites you!
Ouch! That really hurt!
You die...

#........#
#........########
#......>.'......+
#.......o###.####
#.....K..# #.#
#........###.#
#............#
########.#####
######### #@#
#..[..... #.#
#........ #.#
#........ #.#
###........ #.#
#.'........ #####.#
###.#........ #.....#
#............
#.########............
#.#..)...'............


You could see an orc priest and a kobold (wandering).

Vanquished Creatures
  A worker ant (D:2)
  4 adders
  2 worms (D:2)
  A dart slug (D:2)
  A leopard gecko (D:2)
  2 orcs (D:3)
  2 giant cockroaches (D:2)
  6 goblins
  11 hobgoblins
  2 kobolds (D:1)
  2 quokkas (D:2)
  A ball python (D:2)
  7 bats
  5 frilled lizards
  A leopard gecko skeleton (D:3)
  8 rats
56 creatures vanquished.

Notes
Turn   | Place    | Note
-------+----------+-------------------------------------------
     0 | D:1      | Destapler the Spriggan Earth Elementalist began the quest
                  | for the Orb.
     0 | D:1      | Reached XP level 1. HP: 9/9 MP: 5/5
   469 | D:1      | Reached XP level 2. HP: 13/13 MP: 4/6
  1145 | D:2      | Learned a level 2 spell: Blink
  1155 | D:2      | Learned a level 1 spell: Magic Dart
  1212 | D:2      | Reached XP level 3. HP: 16/16 MP: 8/8
  1728 | D:2      | Reached skill level 1 in Translocations
  1863 | D:2      | Found a white marble altar of Elyvilon.
  1872 | D:2      | Became a worshipper of Elyvilon the Healer
  1900 | D:2      | Reached XP level 4. HP: 6/21 MP: 0/10
  2222 | D:2      | Reached skill level 1 in Conjurations
  2627 | D:3      | Reached * piety under Elyvilon
  2643 | D:3      | Found a stormy altar of Qazlal.
  2937 | D:3      | Killed from afar by an orc priest

Levels and vault maps discovered:
D:1:      saegor_arrival_simple_a, layout_loops_ring
D:2:      layout_loops_cross, overflow_temple_1_default,
          minmay_misc_feat_rugged, minmay_randomly_rotated_circles
D:3:      layout_basic, ebering_ghost_rock_garden, grunt_qazlal_sundering

Skill      XL: |  1  2  3  4 |
---------------+-------------+-----
Spellcasting   | 3 |  3.5
Earth Magic    | 3 |  3.1
Dodging        | 4 |  4.2
Translocations | 1 |  1.4
Stealth        | 4 |  4.1
Conjurations   | 1 |  1.4
Transmutations | |  1.3

Action                   |  1- 3 |  4- 6 || total
-------------------------+-------+-------++-------
Melee: Dagger            |   110 |    69 ||   179
 Cast: Sandblast         |    19 |     5 ||    24
       Blink             |     1 |     1 ||     2
       Magic Dart        |    23 |    16 ||    39
  Use: Potion            |     2 |       ||     2
 Stab: Sleeping          |     7 |     6 ||    13
Armor: Robe              |    13 |     2 ||    15
Dodge: Dodged            |   113 |    55 ||   168
